[Event "Uppsala GM 2019"]
[Site "Uppsala"]
[Date "2019.10.30"]
[Round "8.4"]
[White "Rydstrom, Tom"]
[Black "Kenneskog, Theodor"]
[Result "0-1"]
[ECO "B95"]
[WhiteElo "2322"]
[BlackElo "2278"]
[Annotator "NA"]
[PlyCount "144"]
[EventDate "2019.10.25"]
[EventType "tourn"]
[EventCountry "SWE"]
[SourceTitle "playchess.com"]
[Source "ChessBase"]
[SourceQuality "1"]
[TimeControl "5400+30"]

1. e4 c5 2. Nf3 d6 3. d4 cxd4 4. Nxd4 Nf6 5. Nc3 a6 6. Bg5 e6 7. Qf3 h6 8. Be3 Qc7 {[%emt 0:03:47] B95: Sicilian Najdorf: 6 Bg5 e6, unusual White 7th moves} 9. Bd3 (9. O-O-O Nbd7 10. Qg3 b5 11. a3 Bb7 12. f3 Rc8 13. Kb1 h5 14. Bd3 Be7 15. Rhe1 Ne5 16. Bg5 {1-0 (50) Iotov,V (2567)-Dunlop,G (2578) GER email 2016}) 9... Nbd7 10. O-O Ne5 $146 ({Predecessor:} 10... b5 11. a3 Bb7 12. Rad1 h5 13. h3 Rc8 14. Qg3 h4 15. Qf3 Be7 16. Qe2 Kf8 17. Rfe1 Kg8 18. a4 b4 19. Na2 Qa5 20. c3 bxc3 21. Nxc3 Ne5 {½-½ (21) Gebur,T (2360)-Hudak,D (2302) ICCF email 2014}) 11. Qe2 Be7 12. h3 Bd7 13. f4 Nxd3 14. cxd3 Rc8 15. Rac1 Qb8 16. Qf2 b5 17. a3 O-O 18. Kh1 a5 19. e5 $2 (19. b4 $11) 19... dxe5 20. fxe5 Qxe5 21. Bf4 Qh5 22. Rce1 b4 23. axb4 axb4 24. Nce2 $19 Nd5 25. Nf3 f6 26. Bc1 Qg6 27. Ned4 e5 28. Nh4 Qxd3 29. Rd1 Qh7 30. Ndf5 Bxf5 31. Nxf5 Bc5 32. Qg3 Nf4 33. Bxf4 Qxf5 34. Bxh6 Qh7 35. Bc1 Rfd8 36. Rde1 Kh8 37. Qg4 Be7 38. Rf5 g6 39. Rff1 Rc6 40. Be3 f5 41. Qe2 Qf7 42. Bg1 Rd5 43. Bh2 Bf6 44. Qf3 Rcd6 45. Qb3 Qb7 46. Qf3 Rd7 47. Qg3 Kh7 48. Qf2 Rd2 49. Re2 Qd5 50. Rfe1 b3 51. Bg3 e4 52. Kh2 Qd4 53. Rxd2 Qxd2 54. Re2 Qd4 55. Qf4 Qd3 56. Rf2 e3 57. Rf3 Re7 58. h4 Qe4 59. Qd6 Qe6 60. Qb4 Bxb2 61. h5 e2 62. hxg6+ Kxg6 63. Be1 Be5+ 64. Kg1 b2 65. Rh3 Qd6 66. Qb3 Qd4+ 67. Kh1 Kg7 68. Qa3 Qd6 69. Qe3 b1=Q 70. Qg5+ Kf8 71. Qxf5+ Rf7 72. Qxb1 Rf1# 0-1

[Event "Uppsala GM 2019"]
[Site "Uppsala"]
[Date "2019.10.30"]
[Round "9.1"]
[White "Pavlov, Sergey"]
[Black "Kovalev, Andrei"]
[Result "1/2-1/2"]
[ECO "D79"]
[WhiteElo "2485"]
[BlackElo "2511"]
[Annotator "ChessBase"]
[PlyCount "37"]
[EventDate "2019.10.25"]
[EventType "tourn"]
[EventCountry "SWE"]
[SourceTitle "playchess.com"]
[Source "ChessBase"]
[SourceQuality "1"]
[TimeControl "5400+30"]

1. Nf3 Nf6 2. c4 g6 3. g3 Bg7 4. Bg2 c6 5. d4 d5 6. cxd5 cxd5 7. Nc3 O-O 8. O-O Ne4 9. Ne5 Nxc3 10. bxc3 Nc6 11. Nxc6 bxc6 12. Qa4 Qb6 13. e4 Ba6 14. Re1 e6 15. Bf4 Bb5 16. Qb3 Bc4 17. Qa4 Bb5 18. Qb3 Bc4 19. Qa4 1/2-1/2

[Event "Uppsala GM 2019"]
[Site "Uppsala"]
[Date "2019.10.30"]
[Round "9.3"]
[White "Kenneskog, Theodor"]
[Black "Mirzoev, Emil"]
[Result "1/2-1/2"]
[ECO "D13"]
[WhiteElo "2278"]
[BlackElo "2455"]
[Annotator "ChessBase"]
[PlyCount "61"]
[EventDate "2019.10.25"]
[EventType "tourn"]
[EventCountry "SWE"]
[SourceTitle "playchess.com"]
[Source "ChessBase"]
[SourceQuality "1"]
[TimeControl "5400+30"]

1. d4 d5 2. c4 c6 3. cxd5 cxd5 4. Nf3 Nc6 5. Nc3 Nf6 6. Bf4 a6 7. e3 Bg4 8. Be2 e6 9. O-O Bxf3 10. Bxf3 Bd6 11. Bxd6 Qxd6 12. Rc1 O-O 13. Na4 Nd7 14. Nc5 Nxc5 15. Rxc5 b6 16. Rc3 Ne7 17. Qc2 Rfc8 18. Rc1 Qd7 19. h3 Rxc3 20. Qxc3 Rc8 21. Qd2 Rxc1+ 22. Qxc1 Qc8 23. Qxc8+ Nxc8 24. Be2 a5 25. Kf1 Kf8 26. Ke1 Ke7 27. Kd2 Nd6 28. Bd3 f5 29. f3 h6 30. g3 g5 31. Be2 1/2-1/2

[Event "Uppsala GM 2019"]
[Site "Uppsala"]
[Date "2019.10.30"]
[Round "9.4"]
[White "Peng, Li Min"]
[Black "Naumkin, Igor"]
[Result "1-0"]
[ECO "C33"]
[WhiteElo "2454"]
[BlackElo "2385"]
[Annotator "ChessBase"]
[PlyCount "51"]
[EventDate "2019.10.25"]
[EventType "tourn"]
[EventCountry "SWE"]
[SourceTitle "playchess.com"]
[Source "ChessBase"]
[SourceQuality "1"]
[TimeControl "5400+30"]

1. e4 e5 2. f4 exf4 3. Bc4 Nf6 4. Nc3 c6 5. Qf3 d6 6. d4 Be7 7. Nge2 O-O 8. Bxf4 Be6 9. Bd3 Nbd7 10. h3 Nb6 11. b3 a5 12. a4 Re8 13. O-O h6 14. Rad1 d5 15. e5 Nh7 16. Bxh6 gxh6 17. Nf4 Ng5 18. Qh5 Bf8 19. h4 Qe7 20. Nxe6 Nxe6 21. Rf6 Bg7 22. Rdf1 Nd8 23. Qf5 Nd7 24. Qh7+ Kf8 25. Rg6 Ne6 26. Rxg7 1-0

[Event "Uppsala GM 2019"]
[Site "Uppsala"]
[Date "2019.10.30"]
[Round "9.5"]
[White "Wahlund, Max"]
[Black "Rydstrom, Tom"]
[Result "0-1"]
[ECO "B07"]
[WhiteElo "2176"]
[BlackElo "2322"]
[Annotator "NA"]
[PlyCount "54"]
[EventDate "2019.10.25"]
[EventType "tourn"]
[EventCountry "SWE"]
[SourceTitle "playchess.com"]
[Source "ChessBase"]
[SourceQuality "1"]
[TimeControl "5400+30"]

1. d4 d6 2. Bf4 g6 3. Nc3 Bg7 4. e4 Nf6 5. Qd2 a6 6. Bh6 O-O 7. h4 e5 8. d5 Bxh6 9. Qxh6 b5 10. f3 b4 11. Nce2 c6 12. dxc6 Nxc6 13. Nh3 Bxh3 14. Rxh3 d5 15. Rd1 Qe7 16. Ng3 Nd4 17. Bd3 dxe4 18. Nxe4 Nxe4 19. Bxe4 Rad8 20. h5 f5 21. Bd3 g5 22. Qxa6 Kh8 23. c3 bxc3 24. bxc3 e4 25. fxe4 fxe4 26. Re3 Qf7 27. Be2 Nc2# 0-1